Lightning vs BlackHawks

Created - December 2, 2016 at 17:24

Goals
1 2 3 OT1 T
Lightning 0 0 1 0 1
BlackHawks 1 0 0 1 2
Shots
1 2 3 OT1 T
Lightning 4 6 6 4 20
BlackHawks 13 10 8 3 34

1st period

1. BlackHawks , Jack Eichel 7 (Jason Chimera, Sam Bennett) at 14:49 (PP)

Penalties :
Christian Ehrhoff (TBL) for High sticking (Minor) at 2:30, Kevin Klein (TBL) for Goalie Interference (Minor) at 9:49, Andre Benoit (TBL) for Hooking (Minor) at 14:35

2nd period

No Goal

Penalties :
Kevin Klein (TBL) for Tripping (Minor) at 4:23, Christian Ehrhoff (TBL) for Goalie Interference (Minor) at 8:16

3rd period

2. Lightning , Johnny Gaudreau 14 (Patric Hornqvist, Henrik Sedin) at 9:59

Penalties :
Sam Bennett (CHI) for Roughing (Minor) at 3:33, Willie Mitchell (CHI) for Hooking (Minor) at 10:40

Overtime #1

3. BlackHawks , Michael McCarron 3 (Jack Eichel, Dion Phaneuf) at 3:09

Penalties :
No Penalty

Goalie Stats

Kari Lehtonen (TBL), 32 saves from 34 shots - (0.941), OTL, 4-5-3, 63:10 minutes
Craig Anderson (CHI), 19 saves from 20 shots - (0.950), W, 9-10-2, 63:10 minutes

Players Stats for Lightning

Player Name              G  A  P  +/- PIM S  H  SB GA TA FO     MP     PP MP  PK MP  
------------------------------------------------------------------------------------
Andre Benoit             0  0  0   1  2   0  1  0  0  0  0/0    22:35   0:36   3:59 
Andrej Sekera            0  0  0   0  0   0  0  4  0  0  0/0    26:20   2:21   5:04 
Brad Hunt                0  0  0   0  0   0  0  0  0  0  0/0    15:28   1:01   0:08 
Christian Ehrhoff        0  0  0   0  4   1  5  2  0  0  0/0    16:34   1:01   1:33 
David Schlemko           0  0  0   1  0   0  4  2  0  0  0/0    22:52   0:36   4:03 
Eric Fehr                0  0  0   0  0   4  0  1  0  0  6/19   16:27   0:00   3:06 
Henrik Sedin             0  1  1   1  0   2  0  0  0  0  16/21  21:19   1:34   0:08 
Johnny Gaudreau          1  0  1   1  0   3  0  0  0  0  1/2    22:03   1:34   0:00 
Kevin Klein              0  0  0   0  4   3  1  3  0  0  0/0    22:26   2:21   1:33 
Maxime Talbot            0  0  0   0  0   0  0  0  0  0  0/0     0:00   0:00   0:00 
Nick Spaling             0  0  0   0  0   0  0  0  0  0  0/0    14:17   0:00   0:27 
Patric Hornqvist         0  1  1   1  0   3  2  0  0  0  0/1    21:07   1:34   0:00 
Radim Vrbata             0  0  0   0  0   1  0  1  0  0  1/1    13:38   0:00   0:00 
Tobias Rieder            0  0  0   0  0   0  0  0  0  0  1/4     7:47   2:24   3:06 
Tomas Fleischmann        0  0  0   0  0   1  0  2  0  0  1/1    20:18   1:23   4:37 
Travis Zajac             0  0  0   0  0   1  1  1  0  0  17/28  21:55   2:24   4:56 
Troy Brouwer             0  0  0   0  0   1  2  0  0  0  0/4    18:18   0:00   0:00 
Vernon Fiddler           0  0  0   0  0   0  0  0  0  0  0/0     1:01   1:01   0:00 

Players Stats for BlackHawks

Player Name              G  A  P  +/- PIM S  H  SB GA TA FO     MP     PP MP  PK MP  
------------------------------------------------------------------------------------
Adam McQuaid             0  0  0   0  0   1  2  0  0  0  0/0    17:09   0:00   1:57 
Alex Galchenyuk          0  0  0   0  0   3  3  0  0  0  14/29  22:12   4:08   0:12 
Artemi Panarin           0  0  0   0  0   4  0  0  0  0  0/0    21:59   4:08   0:06 
Deryk Engelland          0  0  0   0  0   1  0  0  0  0  0/0     9:42   0:00   1:19 
Dion Phaneuf             0  1  1   0  0   0  2  0  0  0  0/0    26:11   4:11   2:18 
Jack Eichel              1  1  2   0  0   7  0  1  0  0  13/23  21:10   4:02   0:00 
Jason Chimera            0  1  1   0  0   1  0  0  0  0  1/2    19:09   4:02   0:00 
Jason Demers             0  0  0  -1  0   3  5  1  0  0  0/0    22:16   3:59   2:12 
John Klingberg           0  0  0   0  0   1  0  0  0  0  0/0    23:56   4:11   0:31 
John-Michael Liles       0  0  0   0  0   3  0  0  0  0  0/0    18:05   3:59   0:00 
Michael McCarron         1  0  1  -1  0   2  1  0  0  0  0/1     8:27   0:00   0:00 
Mike Richards            0  0  0  -1  0   1  1  0  0  0  1/4    10:37   0:00   2:27 
Phil Kessel              0  0  0   0  0   3  0  0  0  0  1/1    21:09   4:08   0:00 
Sam Bennett              0  1  1  -1  2   0  0  0  0  0  7/14   12:11   4:02   0:00 
Tom Wilson               0  0  0   0  0   1  4  0  0  0  0/1    17:40   0:00   2:33 
Trevor Lewis             0  0  0   0  0   2  1  0  0  0  1/5     9:42   0:00   1:19 
Willie Mitchell          0  0  0  -1  2   1  0  2  0  0  0/0    18:42   0:00   0:58 
Zack Kassian             0  0  0   0  0   0  3  0  0  0  0/1     8:23   0:00   0:00 

3 Stars

1 - Jack Eichel (CHI)
2 - Craig Anderson (CHI)
3 - Johnny Gaudreau (TBL)

Power Play

Lightning - 0 on 2 Attempt(s) - 0.00%
BlackHawks - 1 on 5 Attempt(s) - 20.00%

Penalty Kill

Lightning - 4 on 5 Attempt(s) - 80.00% - Score 0 goal in Penalty Kill
BlackHawks - 2 on 2 Attempt(s) - 100.00% - Score 0 goal in Penalty Kill

Team Stat

Lightning - Hits : 16 - Faceoff Wins : 43 - Blocked Shots : 16 - Penalty Minutes : 10
BlackHawks - Hits : 22 - Faceoff Wins : 38 - Blocked Shots : 4 - Penalty Minutes : 4

Official

Referees : Chris Lee and Wes McCauley
Linesman : Devin Berg and Ryan Gibbons

Game Notes

No Game Note

Finance

Level 1 -- Attendance: 6193 (95.28%) -- Ticket Income $681,230
Level 2 -- Attendance: 5000 (100.00%) -- Ticket Income $375,000
Level 3 -- Attendance: 2849 (81.40%) -- Ticket Income $159,544
Level 4 -- Attendance: 2682 (72.15%) -- Ticket Income $107,280
Luxury Box -- Attendance: 878 (87.80%) -- Ticket Income $174,722
Game was played at the United Center.
Total Attendance: 17602 (89.27%)
Total Ticket Income: $1,497,776
Other Income: $224,666
Total Income: $1,722,442

% Time on Ice - Lightning

Lines # - Real PCT - Wanted PCT - Time Play
Normal Forward
1 - 37% - 40% - 17:56
2 - 30% - 30% - 14:18
3 - 28% - 20% - 13:21
4 - 5% - 10% - 2:17
Normal Defense
1 - 36% - 40% - 17:02
2 - 35% - 30% - 16:32
3 - 29% - 20% - 14:02
4 - 1% - 10% - 0:16
PP Forward
1 - 39% - 60% - 1:34
2 - 61% - 40% - 2:24
PP Defense
1 - 85% - 60% - 3:22
2 - 15% - 40% - 0:36
PK Forward
1 - 62% - 60% - 5:04
2 - 38% - 40% - 3:06
PK Defense
1 - 51% - 60% - 4:12
2 - 49% - 40% - 3:58
PK3 Forward
1 - 0% - 60%
2 - 0% - 40%
PK3 Defense
1 - 0% - 60%
2 - 0% - 40%
44 Forward
1 - 0% - 60%
2 - 0% - 40%
44 Defense
1 - 0% - 60%
2 - 0% - 40%
Last Minute Offensive  - 0:00
Last Minute Defensive  - 0:00
Total
Forward - 60:00
Defense - 60:00

% Time on Ice - BlackHawks

Lines # - Real PCT - Wanted PCT - Time Play
Normal Forward
1 - 34% - 35% - 16:12
2 - 32% - 34% - 15:07
3 - 17% - 21% - 8:10
4 - 18% - 10% - 8:23
Normal Defense
1 - 37% - 37% - 17:41
2 - 34% - 34% - 16:05
3 - 29% - 29% - 14:06
4 - 0% - 0% - 0:00
PP Forward
1 - 51% - 50% - 4:08
2 - 49% - 50% - 4:02
PP Defense
1 - 51% - 50% - 4:11
2 - 49% - 50% - 3:59
PK Forward
1 - 67% - 55% - 2:39
2 - 33% - 45% - 1:19
PK Defense
1 - 68% - 50% - 2:43
2 - 32% - 50% - 1:15
PK3 Forward
1 - 0% - 50%
2 - 0% - 50%
PK3 Defense
1 - 0% - 55%
2 - 0% - 45%
44 Forward
1 - 0% - 55%
2 - 0% - 45%
44 Defense
1 - 0% - 55%
2 - 0% - 45%
Last Minute Offensive  - 0:00
Last Minute Defensive  - 0:00
Total
Forward - 60:00
Defense - 60:00

Play by Play

1st period


0:01 of 1st period - Alex Galchenyuk wins face-off versus Henrik Sedin in neutral zone.
0:01 of 1st period - John Klingberg is hit by Patric Hornqvist and loses puck.
1:09 of 1st period - Off-side.
1:10 of 1st period - Travis Zajac wins face-off versus Jack Eichel in neutral zone.
1:20 of 1st period - Jack Eichel is hit by David Schlemko and loses puck.
1:32 of 1st period - Jack Eichel is hit by David Schlemko and loses puck.
1:41 of 1st period - Shot by Tom Wilson.
1:41 of 1st period - Shot Misses the Net.
1:51 of 1st period - Shot by Jack Eichel.
1:51 of 1st period - Shot Misses the Net.
1:53 of 1st period - Shot by Willie Mitchell.
1:53 of 1st period - Stopped by Kari Lehtonen without a rebound.
1:54 of 1st period - Sam Bennett wins face-off versus Eric Fehr in Lightning zone.
1:54 of 1st period - Sam Bennett is hit by Christian Ehrhoff.
2:30 of 1st period - Minor Penalty to Christian Ehrhoff for High sticking.
2:31 of 1st period - Travis Zajac wins face-off versus Alex Galchenyuk in Lightning zone.
2:31 of 1st period - Travis Zajac is hit by Dion Phaneuf.
3:11 of 1st period - Shot by Artemi Panarin.
3:11 of 1st period - Stopped by Kari Lehtonen without a rebound.
3:12 of 1st period - Jack Eichel wins face-off versus Travis Zajac in Lightning zone.
3:15 of 1st period - Shot by Jason Chimera.
3:15 of 1st period - Shot Misses the Net.
3:46 of 1st period - Shot by Eric Fehr.
3:46 of 1st period - Stopped by Craig Anderson without a rebound.
3:47 of 1st period - Travis Zajac wins face-off versus Alex Galchenyuk in BlackHawks zone.
3:50 of 1st period - Shot by Travis Zajac.
3:50 of 1st period - Shot Misses the Net.
4:52 of 1st period - Shot by Trevor Lewis.
4:52 of 1st period - Stopped by Kari Lehtonen with a rebound.
5:07 of 1st period - Shot by Trevor Lewis.
5:07 of 1st period - Deflect By Zack Kassian.
5:07 of 1st period - Shot Misses the Net.
5:43 of 1st period - Shot by Jack Eichel.
5:43 of 1st period - Stopped by Kari Lehtonen without a rebound.
5:44 of 1st period - Sam Bennett wins face-off versus Troy Brouwer in Lightning zone.
6:07 of 1st period - Shot by Michael McCarron.
6:07 of 1st period - Stopped by Kari Lehtonen with a rebound.
6:48 of 1st period - Icing by Nick Spaling.
6:49 of 1st period - Jack Eichel wins face-off versus Eric Fehr in Lightning zone.
8:01 of 1st period - Icing by David Schlemko.
8:02 of 1st period - Trevor Lewis wins face-off versus Johnny Gaudreau in Lightning zone.
8:17 of 1st period - Shot by Henrik Sedin.
8:17 of 1st period - Stopped by Craig Anderson without a rebound.
8:18 of 1st period - Alex Galchenyuk wins face-off versus Travis Zajac in BlackHawks zone.
8:18 of 1st period - Alex Galchenyuk is hit by Troy Brouwer.
8:26 of 1st period - Shot by Alex Galchenyuk.
8:26 of 1st period - Stopped by Kari Lehtonen with a rebound.
8:28 of 1st period - Shot by Phil Kessel.
8:28 of 1st period - Stopped by Kari Lehtonen without a rebound.
8:29 of 1st period - Henrik Sedin wins face-off versus Jack Eichel in Lightning zone.
8:29 of 1st period - Henrik Sedin is hit by Tom Wilson.
8:32 of 1st period - Icing by Johnny Gaudreau.
8:33 of 1st period - Henrik Sedin wins face-off versus Alex Galchenyuk in Lightning zone.
9:00 of 1st period - Shot by Artemi Panarin.
9:00 of 1st period - Deflect By Alex Galchenyuk.
9:00 of 1st period - Shot Misses the Net.
9:02 of 1st period - Shot by Artemi Panarin.
9:02 of 1st period - Shot Misses the Net.
9:37 of 1st period - Shot by Jason Chimera.
9:37 of 1st period - Deflect By Jack Eichel.
9:37 of 1st period - Stopped by Kari Lehtonen without a rebound.
9:38 of 1st period - Travis Zajac wins face-off versus Sam Bennett in Lightning zone.
9:38 of 1st period - Travis Zajac is hit by Michael McCarron.
9:49 of 1st period - Minor Penalty to Kevin Klein for Goalie Interference.
9:50 of 1st period - Jack Eichel wins face-off versus Travis Zajac in Lightning zone.
10:17 of 1st period - Shot by John-Michael Liles.
10:17 of 1st period - Stopped by Kari Lehtonen with a rebound.
10:19 of 1st period - Shot by Jason Demers.
10:19 of 1st period - Shot Blocked by Andrej Sekera.
10:21 of 1st period - Shot by Jack Eichel.
10:21 of 1st period - Shot Blocked by Tomas Fleischmann.
10:23 of 1st period - Shot by Sam Bennett.
10:23 of 1st period - Shot Blocked by Andrej Sekera.
10:25 of 1st period - Shot by John-Michael Liles.
10:25 of 1st period - Shot Misses the Net.
10:27 of 1st period - Shot by Jason Demers.
10:27 of 1st period - Stopped by Kari Lehtonen without a rebound.
10:28 of 1st period - Alex Galchenyuk wins face-off versus Travis Zajac in Lightning zone.
10:34 of 1st period - Phil Kessel is hit by Christian Ehrhoff and loses puck.
10:49 of 1st period - Shot by Alex Galchenyuk.
10:49 of 1st period - Shot Misses the Net.
10:59 of 1st period - Shot by John Klingberg.
10:59 of 1st period - Shot Misses the Net.
11:01 of 1st period - Shot by John Klingberg.
11:01 of 1st period - Shot Misses the Net.
11:37 of 1st period - Shot by Jack Eichel.
11:37 of 1st period - Shot Blocked by David Schlemko.
11:39 of 1st period - Shot by Jason Chimera.
11:39 of 1st period - Shot Misses the Net.
11:41 of 1st period - Shot by Jason Demers.
11:41 of 1st period - Stopped by Kari Lehtonen with a rebound.
11:43 of 1st period - Shot by Jason Demers.
11:43 of 1st period - Shot Blocked by Tomas Fleischmann.
11:45 of 1st period - Shot by Jack Eichel.
11:45 of 1st period - Stopped by Kari Lehtonen without a rebound.
11:46 of 1st period - Jack Eichel wins face-off versus Travis Zajac in Lightning zone.
12:35 of 1st period - Henrik Sedin is hit by Dion Phaneuf and loses puck.
12:49 of 1st period - Icing by John Klingberg.
12:50 of 1st period - Travis Zajac wins face-off versus Jack Eichel in BlackHawks zone.
12:51 of 1st period - Shot by Troy Brouwer.
12:51 of 1st period - Shot Misses the Net.
12:53 of 1st period - Shot by Troy Brouwer.
12:53 of 1st period - Shot Blocked by Jack Eichel.
14:03 of 1st period - Icing by Adam McQuaid.
14:04 of 1st period - Phil Kessel wins face-off versus Eric Fehr in BlackHawks zone.
14:30 of 1st period - Shot by Artemi Panarin.
14:30 of 1st period - Shot Misses the Net.
14:32 of 1st period - Shot by Phil Kessel.
14:32 of 1st period - Shot Misses the Net.
14:35 of 1st period - Minor Penalty to Andre Benoit for Hooking.
14:36 of 1st period - Travis Zajac wins face-off versus Jack Eichel in Lightning zone.
14:49 of 1st period - Shot by Jack Eichel.
14:49 of 1st period - Goal by Jack Eichel - Lightning : 0 - BlackHawks : 1.
14:50 of 1st period - Henrik Sedin wins face-off versus Trevor Lewis in neutral zone.
15:39 of 1st period - Shot by Radim Vrbata.
15:39 of 1st period - Stopped by Craig Anderson with a rebound.
15:41 of 1st period - Shot by David Schlemko.
15:41 of 1st period - Shot Blocked by Willie Mitchell.
15:43 of 1st period - Shot by Nick Spaling.
15:43 of 1st period - Shot Misses the Net.
18:07 of 1st period - Icing by Kevin Klein.
18:08 of 1st period - Travis Zajac wins face-off versus Sam Bennett in Lightning zone.
18:08 of 1st period - Travis Zajac is hit by Mike Richards.
18:21 of 1st period - Off-side.
18:22 of 1st period - Henrik Sedin wins face-off versus Alex Galchenyuk in neutral zone.
19:03 of 1st period - Shot by Patric Hornqvist.
19:03 of 1st period - Stopped by Craig Anderson without a rebound.
19:04 of 1st period - Jack Eichel wins face-off versus Eric Fehr in BlackHawks zone.
19:12 of 1st period - Icing by Andre Benoit.
19:13 of 1st period - Sam Bennett wins face-off versus Eric Fehr in Lightning zone.
19:25 of 1st period - David Schlemko is hit by Jason Demers and loses puck.
19:31 of 1st period - Icing by Willie Mitchell.
19:32 of 1st period - Henrik Sedin wins face-off versus Sam Bennett in BlackHawks zone.
19:32 of 1st period - Johnny Gaudreau is hit by Jason Demers and loses puck.
Goals for this period are 0 for Lightning vs 1 for BlackHawks.
Shots for this period are 4 for Lightning vs 13 for BlackHawks.

2nd period


0:01 of 2nd period - Jack Eichel wins face-off versus Tobias Rieder in neutral zone.
0:15 of 2nd period - Kevin Klein is hit by Tom Wilson and loses puck.
0:55 of 2nd period - Eric Fehr is hit by Tom Wilson and loses puck.
1:01 of 2nd period - Off-side.
1:02 of 2nd period - Eric Fehr wins face-off versus Alex Galchenyuk in neutral zone.
1:07 of 2nd period - Shot by Eric Fehr.
1:07 of 2nd period - Stopped by Craig Anderson with a rebound.
1:09 of 2nd period - Shot by Eric Fehr.
1:09 of 2nd period - Stopped by Craig Anderson without a rebound.
1:10 of 2nd period - Alex Galchenyuk wins face-off versus Eric Fehr in BlackHawks zone.
1:16 of 2nd period - Off-side.
1:17 of 2nd period - Alex Galchenyuk wins face-off versus Eric Fehr in neutral zone.
1:24 of 2nd period - Shot by Phil Kessel.
1:24 of 2nd period - Deflect By Artemi Panarin.
1:24 of 2nd period - Stopped by Kari Lehtonen without a rebound.
1:25 of 2nd period - Alex Galchenyuk wins face-off versus Travis Zajac in Lightning zone.
1:40 of 2nd period - Off-side.
1:41 of 2nd period - Jack Eichel wins face-off versus Patric Hornqvist in neutral zone.
2:16 of 2nd period - Icing by Willie Mitchell.
2:17 of 2nd period - Jack Eichel wins face-off versus Travis Zajac in BlackHawks zone.
2:17 of 2nd period - Jack Eichel is hit by Troy Brouwer.
2:33 of 2nd period - Shot by Jack Eichel.
2:33 of 2nd period - Shot Blocked by Kevin Klein.
2:45 of 2nd period - Shot by Troy Brouwer.
2:45 of 2nd period - Shot Misses the Net.
2:55 of 2nd period - Shot by Artemi Panarin.
2:55 of 2nd period - Shot Blocked by Andrej Sekera.
2:57 of 2nd period - Shot by John Klingberg.
2:57 of 2nd period - Stopped by Kari Lehtonen without a rebound.
2:58 of 2nd period - Henrik Sedin wins face-off versus Sam Bennett in Lightning zone.
3:04 of 2nd period - Shot by Johnny Gaudreau.
3:04 of 2nd period - Shot Misses the Net.
3:06 of 2nd period - Shot by Johnny Gaudreau.
3:06 of 2nd period - Shot Misses the Net.
3:08 of 2nd period - Shot by Patric Hornqvist.
3:08 of 2nd period - Shot Misses the Net.
3:10 of 2nd period - Shot by Henrik Sedin.
3:10 of 2nd period - Stopped by Craig Anderson without a rebound.
3:11 of 2nd period - Alex Galchenyuk wins face-off versus Eric Fehr in BlackHawks zone.
4:02 of 2nd period - Shot by Henrik Sedin.
4:02 of 2nd period - Shot Misses the Net.
4:23 of 2nd period - Minor Penalty to Kevin Klein for Tripping.
4:24 of 2nd period - Travis Zajac wins face-off versus Jack Eichel in Lightning zone.
4:53 of 2nd period - Shot by Jack Eichel.
4:53 of 2nd period - Stopped by Kari Lehtonen without a rebound.
4:54 of 2nd period - Jason Chimera wins face-off versus Travis Zajac in Lightning zone.
5:15 of 2nd period - Shot by Jack Eichel.
5:15 of 2nd period - Shot Blocked by Eric Fehr.
6:29 of 2nd period - Henrik Sedin is hit by Jason Demers and loses puck.
6:49 of 2nd period - Henrik Sedin is hit by Jason Demers and loses puck.
6:58 of 2nd period - Shot by Johnny Gaudreau.
6:58 of 2nd period - Stopped by Craig Anderson without a rebound.
6:59 of 2nd period - Eric Fehr wins face-off versus Sam Bennett in BlackHawks zone.
7:12 of 2nd period - Shot by Mike Richards.
7:12 of 2nd period - Shot Blocked by Radim Vrbata.
7:14 of 2nd period - Shot by John-Michael Liles.
7:14 of 2nd period - Stopped by Kari Lehtonen without a rebound.
7:15 of 2nd period - Travis Zajac wins face-off versus Alex Galchenyuk in Lightning zone.
7:25 of 2nd period - Alex Galchenyuk is hit by David Schlemko and loses puck.
7:37 of 2nd period - Artemi Panarin is hit by David Schlemko.
7:47 of 2nd period - Shot by Travis Zajac.
7:47 of 2nd period - Stopped by Craig Anderson without a rebound.
7:48 of 2nd period - Henrik Sedin wins face-off versus Jack Eichel in BlackHawks zone.
7:49 of 2nd period - Shot by Johnny Gaudreau.
7:49 of 2nd period - Deflect By Patric Hornqvist.
7:49 of 2nd period - Stopped by Craig Anderson with a rebound.
8:05 of 2nd period - Shot by Jason Chimera.
8:05 of 2nd period - Stopped by Kari Lehtonen without a rebound.
8:06 of 2nd period - Sam Bennett wins face-off versus Eric Fehr in Lightning zone.
8:16 of 2nd period - Minor Penalty to Christian Ehrhoff for Goalie Interference.
8:17 of 2nd period - Travis Zajac wins face-off versus Alex Galchenyuk in Lightning zone.
8:46 of 2nd period - Shot by Phil Kessel.
8:46 of 2nd period - Shot Misses the Net.
9:59 of 2nd period - Shot by Jason Chimera.
9:59 of 2nd period - Shot Misses the Net.
10:39 of 2nd period - Deryk Engelland is hit by Christian Ehrhoff and loses puck.
10:48 of 2nd period - Shot by Trevor Lewis.
10:48 of 2nd period - Shot Misses the Net.
11:58 of 2nd period - Shot by Jack Eichel.
11:58 of 2nd period - Stopped by Kari Lehtonen without a rebound.
11:59 of 2nd period - Alex Galchenyuk wins face-off versus Troy Brouwer in Lightning zone.
12:35 of 2nd period - Troy Brouwer is hit by Alex Galchenyuk and loses puck.
13:20 of 2nd period - Shot by Trevor Lewis.
13:20 of 2nd period - Shot Misses the Net.
13:22 of 2nd period - Shot by John Klingberg.
13:22 of 2nd period - Shot Misses the Net.
13:35 of 2nd period - Nick Spaling is hit by Adam McQuaid and loses puck.
13:39 of 2nd period - Icing by Adam McQuaid.
13:40 of 2nd period - Jack Eichel wins face-off versus Tobias Rieder in BlackHawks zone.
13:59 of 2nd period - Shot by Jack Eichel.
13:59 of 2nd period - Deflect By Jason Chimera.
13:59 of 2nd period - Shot Misses the Net.
14:01 of 2nd period - Shot by John-Michael Liles.
14:01 of 2nd period - Stopped by Kari Lehtonen without a rebound.
14:02 of 2nd period - Eric Fehr wins face-off versus Alex Galchenyuk in Lightning zone.
14:02 of 2nd period - Eric Fehr is hit by Alex Galchenyuk.
14:29 of 2nd period - Shot by Eric Fehr.
14:29 of 2nd period - Shot Blocked by Jason Demers.
15:38 of 2nd period - Icing by Christian Ehrhoff.
15:39 of 2nd period - Henrik Sedin wins face-off versus Sam Bennett in Lightning zone.
15:56 of 2nd period - Off-side.
15:57 of 2nd period - Travis Zajac wins face-off versus Zack Kassian in neutral zone.
16:08 of 2nd period - Shot by Deryk Engelland.
16:08 of 2nd period - Stopped by Kari Lehtonen without a rebound.
16:09 of 2nd period - Travis Zajac wins face-off versus Alex Galchenyuk in Lightning zone.
16:19 of 2nd period - Shot by Phil Kessel.
16:19 of 2nd period - Stopped by Kari Lehtonen without a rebound.
16:20 of 2nd period - Jack Eichel wins face-off versus Henrik Sedin in Lightning zone.
16:33 of 2nd period - Shot by Tom Wilson.
16:33 of 2nd period - Stopped by Kari Lehtonen without a rebound.
16:34 of 2nd period - Tomas Fleischmann wins face-off versus Alex Galchenyuk in Lightning zone.
Goals for this period are 0 for Lightning vs 0 for BlackHawks.
Shots for this period are 6 for Lightning vs 10 for BlackHawks.

3rd period


0:01 of 3rd period - Henrik Sedin wins face-off versus Tom Wilson in neutral zone.
0:22 of 3rd period - Shot by Jack Eichel.
0:22 of 3rd period - Stopped by Kari Lehtonen without a rebound.
0:23 of 3rd period - Travis Zajac wins face-off versus Alex Galchenyuk in Lightning zone.
0:30 of 3rd period - Shot by Tomas Fleischmann.
0:30 of 3rd period - Stopped by Craig Anderson without a rebound.
0:31 of 3rd period - Tobias Rieder wins face-off versus Alex Galchenyuk in BlackHawks zone.
0:51 of 3rd period - Icing by John-Michael Liles.
0:52 of 3rd period - Eric Fehr wins face-off versus Alex Galchenyuk in BlackHawks zone.
0:52 of 3rd period - Eric Fehr is hit by Adam McQuaid.
0:54 of 3rd period - Shot by Nick Spaling.
0:54 of 3rd period - Deflect By Eric Fehr.
0:54 of 3rd period - Stopped by Craig Anderson with a rebound.
1:18 of 3rd period - Shot by Alex Galchenyuk.
1:18 of 3rd period - Stopped by Kari Lehtonen without a rebound.
1:19 of 3rd period - Henrik Sedin wins face-off versus Jack Eichel in Lightning zone.
1:47 of 3rd period - Shot by Johnny Gaudreau.
1:47 of 3rd period - Shot Misses the Net.
1:52 of 3rd period - Icing by Dion Phaneuf.
1:53 of 3rd period - Travis Zajac wins face-off versus Jason Chimera in BlackHawks zone.
2:53 of 3rd period - Shot by Alex Galchenyuk.
2:53 of 3rd period - Shot Blocked by Travis Zajac.
3:10 of 3rd period - Icing by Tomas Fleischmann.
3:11 of 3rd period - Sam Bennett wins face-off versus Travis Zajac in Lightning zone.
3:20 of 3rd period - Shot by Adam McQuaid.
3:20 of 3rd period - Shot Blocked by David Schlemko.
3:22 of 3rd period - Shot by Sam Bennett.
3:22 of 3rd period - Shot Misses the Net.
3:24 of 3rd period - Shot by John-Michael Liles.
3:24 of 3rd period - Shot Misses the Net.
3:26 of 3rd period - Shot by Sam Bennett.
3:26 of 3rd period - Shot Misses the Net.
3:33 of 3rd period - Minor Penalty to Sam Bennett for Roughing.
3:34 of 3rd period - Henrik Sedin wins face-off versus Mike Richards in BlackHawks zone.
3:35 of 3rd period - Shot by Kevin Klein.
3:35 of 3rd period - Stopped by Craig Anderson without a rebound.
3:36 of 3rd period - Henrik Sedin wins face-off versus Mike Richards in BlackHawks zone.
5:46 of 3rd period - Off-side.
5:47 of 3rd period - Alex Galchenyuk wins face-off versus Eric Fehr in neutral zone.
6:13 of 3rd period - Shot by Artemi Panarin.
6:13 of 3rd period - Shot Misses the Net.
6:15 of 3rd period - Shot by Phil Kessel.
6:15 of 3rd period - Stopped by Kari Lehtonen without a rebound.
6:16 of 3rd period - Henrik Sedin wins face-off versus Trevor Lewis in Lightning zone.
6:16 of 3rd period - Henrik Sedin is hit by Zack Kassian.
6:24 of 3rd period - David Schlemko is hit by Zack Kassian and loses puck.
7:24 of 3rd period - Christian Ehrhoff is hit by Trevor Lewis and loses puck.
8:06 of 3rd period - Shot by Jason Demers.
8:06 of 3rd period - Stopped by Kari Lehtonen without a rebound.
8:07 of 3rd period - Jack Eichel wins face-off versus Tobias Rieder in Lightning zone.
8:22 of 3rd period - Troy Brouwer is hit by Tom Wilson and loses puck.
9:20 of 3rd period - Icing by Adam McQuaid.
9:21 of 3rd period - Alex Galchenyuk wins face-off versus Travis Zajac in BlackHawks zone.
9:45 of 3rd period - Off-side.
9:46 of 3rd period - Henrik Sedin wins face-off versus Sam Bennett in neutral zone.
9:55 of 3rd period - Shot by Johnny Gaudreau.
9:55 of 3rd period - Shot Blocked by Willie Mitchell.
9:59 of 3rd period - Shot by Patric Hornqvist.
9:59 of 3rd period - Deflect By Johnny Gaudreau.
9:59 of 3rd period - Goal by Johnny Gaudreau - Lightning : 1 - BlackHawks : 1.
10:00 of 3rd period - Eric Fehr wins face-off versus Jack Eichel in neutral zone.
10:13 of 3rd period - Shot by Jack Eichel.
10:13 of 3rd period - Shot Misses the Net.
10:26 of 3rd period - Icing by Andrej Sekera.
10:27 of 3rd period - Sam Bennett wins face-off versus Eric Fehr in Lightning zone.
10:32 of 3rd period - Shot by Michael McCarron.
10:32 of 3rd period - Shot Misses the Net.
10:39 of 3rd period - Eric Fehr is hit by Jason Demers.
10:40 of 3rd period - Minor Penalty to Willie Mitchell for Hooking.
10:41 of 3rd period - Mike Richards wins face-off versus Henrik Sedin in BlackHawks zone.
10:41 of 3rd period - Mike Richards is hit by Patric Hornqvist.
10:53 of 3rd period - Shot by Henrik Sedin.
10:53 of 3rd period - Deflect By Patric Hornqvist.
10:53 of 3rd period - Stopped by Craig Anderson without a rebound.
10:54 of 3rd period - Travis Zajac wins face-off versus Mike Richards in BlackHawks zone.
10:55 of 3rd period - Shot by Kevin Klein.
10:55 of 3rd period - Shot Misses the Net.
12:03 of 3rd period - Adam McQuaid is hit by Travis Zajac and loses puck.
13:05 of 3rd period - Icing by Nick Spaling.
13:06 of 3rd period - Eric Fehr wins face-off versus Trevor Lewis in Lightning zone.
13:12 of 3rd period - Icing by Nick Spaling.
13:13 of 3rd period - Radim Vrbata wins face-off versus Trevor Lewis in Lightning zone.
13:13 of 3rd period - Radim Vrbata is hit by Zack Kassian.
13:16 of 3rd period - Icing by Nick Spaling.
13:17 of 3rd period - Alex Galchenyuk wins face-off versus Eric Fehr in Lightning zone.
13:54 of 3rd period - Shot by Phil Kessel.
13:54 of 3rd period - Shot Blocked by Christian Ehrhoff.
15:19 of 3rd period - Shot by Mike Richards.
15:19 of 3rd period - Shot Misses the Net.
15:22 of 3rd period - Mike Richards is hit by Kevin Klein and loses puck.
15:38 of 3rd period - Shot by Sam Bennett.
15:38 of 3rd period - Shot Blocked by Kevin Klein.
15:40 of 3rd period - Shot by Adam McQuaid.
15:40 of 3rd period - Stopped by Kari Lehtonen with a rebound.
15:42 of 3rd period - Shot by Mike Richards.
15:42 of 3rd period - Shot Blocked by Kevin Klein.
15:44 of 3rd period - Shot by Mike Richards.
15:44 of 3rd period - Shot Misses the Net.
15:46 of 3rd period - Shot by Mike Richards.
15:46 of 3rd period - Stopped by Kari Lehtonen with a rebound.
15:48 of 3rd period - Shot by Mike Richards.
15:48 of 3rd period - Shot Misses the Net.
15:58 of 3rd period - Shot by Trevor Lewis.
15:58 of 3rd period - Stopped by Kari Lehtonen without a rebound.
15:59 of 3rd period - Alex Galchenyuk wins face-off versus Eric Fehr in Lightning zone.
15:59 of 3rd period - Artemi Panarin is hit by Christian Ehrhoff and loses puck.
16:15 of 3rd period - Artemi Panarin is hit by Christian Ehrhoff and loses puck.
16:29 of 3rd period - Nick Spaling is hit by Alex Galchenyuk.
16:37 of 3rd period - Shot by Phil Kessel.
16:37 of 3rd period - Shot Blocked by Christian Ehrhoff.
16:39 of 3rd period - Shot by Artemi Panarin.
16:39 of 3rd period - Stopped by Kari Lehtonen without a rebound.
16:40 of 3rd period - Jack Eichel wins face-off versus Henrik Sedin in Lightning zone.
16:42 of 3rd period - Tom Wilson is hit by Andre Benoit.
17:51 of 3rd period - Off-side.
17:52 of 3rd period - Travis Zajac wins face-off versus Alex Galchenyuk in neutral zone.
18:28 of 3rd period - Icing by Travis Zajac.
18:29 of 3rd period - Sam Bennett wins face-off versus Travis Zajac in Lightning zone.
18:36 of 3rd period - Shot by Michael McCarron.
18:36 of 3rd period - Shot Misses the Net.
19:10 of 3rd period - Shot by Eric Fehr.
19:10 of 3rd period - Shot Misses the Net.
19:12 of 3rd period - Shot by Christian Ehrhoff.
19:12 of 3rd period - Stopped by Craig Anderson without a rebound.
19:13 of 3rd period - Johnny Gaudreau wins face-off versus Jack Eichel in BlackHawks zone.
Goals for this period are 1 for Lightning vs 0 for BlackHawks.
Shots for this period are 6 for Lightning vs 8 for BlackHawks.

Overtime #1


0:01 of 1st overtime period - Henrik Sedin wins face-off versus Alex Galchenyuk in neutral zone.
0:30 of 1st overtime period - Shot by Alex Galchenyuk.
0:30 of 1st overtime period - Stopped by Kari Lehtonen without a rebound.
0:31 of 1st overtime period - Jack Eichel wins face-off versus Troy Brouwer in Lightning zone.
1:03 of 1st overtime period - Icing by Andrej Sekera.
1:04 of 1st overtime period - Alex Galchenyuk wins face-off versus Troy Brouwer in Lightning zone.
1:17 of 1st overtime period - Shot by Troy Brouwer.
1:17 of 1st overtime period - Stopped by Craig Anderson without a rebound.
1:18 of 1st overtime period - Alex Galchenyuk wins face-off versus Henrik Sedin in BlackHawks zone.
1:37 of 1st overtime period - Shot by Artemi Panarin.
1:37 of 1st overtime period - Stopped by Kari Lehtonen without a rebound.
1:38 of 1st overtime period - Henrik Sedin wins face-off versus Jack Eichel in Lightning zone.
1:59 of 1st overtime period - Shot by Artemi Panarin.
1:59 of 1st overtime period - Deflect By Jack Eichel.
1:59 of 1st overtime period - Shot Blocked by Andrej Sekera.
2:48 of 1st overtime period - Shot by Johnny Gaudreau.
2:48 of 1st overtime period - Stopped by Craig Anderson with a rebound.
2:50 of 1st overtime period - Shot by Kevin Klein.
2:50 of 1st overtime period - Stopped by Craig Anderson with a rebound.
2:52 of 1st overtime period - Shot by Kevin Klein.
2:52 of 1st overtime period - Stopped by Craig Anderson without a rebound.
2:53 of 1st overtime period - Travis Zajac wins face-off versus Michael McCarron in BlackHawks zone.
2:58 of 1st overtime period - Shot by Radim Vrbata.
2:58 of 1st overtime period - Deflect By Travis Zajac.
2:58 of 1st overtime period - Shot Misses the Net.
3:09 of 1st overtime period - Shot by Jack Eichel.
3:09 of 1st overtime period - Deflect By Michael McCarron.
3:09 of 1st overtime period - Goal by Michael McCarron - Lightning : 1 - BlackHawks : 2.
Goals for this period are 0 for Lightning vs 1 for BlackHawks.
Shots for this period are 4 for Lightning vs 3 for BlackHawks.